Map: Acropolis LE

Players

MarineLorD - Winner!

  • Race: Terran Terran
  • Spawn Location: 11:00

HateMe

  • Race: Zerg Zerg
  • Spawn Location: 5:00

Event: 2019 WCS Summer

VOD

Have the link to the VOD?

Description

Time

  • Played on: July 12, 2019, 7:06 a.m.
  • Length: 5:51

All games in this series

Show
View Real Time Build Order
Export as new Build Order

MarineLorD Terran - Winner!

Build Orders:  

Get SALT Encoding   

  12  0:00  SCV  
  13  0:12  SCV  
  14  0:17  Supply Depot  
  14  0:26  SCV  
  15  0:39  Barracks  
  15  0:44  Refinery  
  15  0:57  Barracks  
  15  1:00  SCV  
  16  1:12  SCV  
  17  1:26  Orbital Command, Reaper  
  18  1:34  Refinery  
  18  1:44  Reaper  
  18  1:46  Supply Depot  
  19  1:53  SCV  
  20  2:00  Reaper  
  21  2:05  SCV  
  22  2:13  Bunker  
  22  2:17  SCV  
  22  2:20  Reaper  
  24  2:29  SCV  
  25  2:32  Factory  
  25  2:42  SCV  
  26  2:45  Reaper  
  26  2:50  Supply Depot  
  27  2:52  Reaper  
  27  2:54  SCV  
  29  3:06  SCV  
  29  3:17  Reaper  
  29  3:18  SCV  
  31  3:30  SCV  
  31  3:31  Factory Reactor  
  32  3:42  SCV  
  32  3:46  Starport  
  33  3:51  Supply Depot  
  33  3:54  SCV  
  33  4:01  Command Center  
  33  4:03  Supply Depot  
  33  4:08  Hellion x2  
  37  4:11  SCV  
  38  4:23  SCV  
  39  4:24  Medivac  
  39  4:30  Hellion x2  
  45  4:33  Fusion Core  
  45  4:36  Supply Depot  
  45  4:49  SCV  
  46  4:58  Viking  
  48  5:00  Hellion x2  
  48  5:06  Armory  
  52  5:08  SCV  
  53  5:14  Orbital Command  
  53  5:20  SCV  
  54  5:22  Hellion x2  
  58  5:32  SCV  
  58  5:33  Starport Tech Lab  
Show
View Real Time Build Order
Export as new Build Order

HateMe Zerg 

Build Orders: Hatch First 

Get SALT Encoding   

  12  0:00  Drone  
  13  0:12  Overlord  
  13  0:17  Drone  
  14  0:30  Drone x2  
  16  0:48  Hatchery  
  15  0:51  Drone  
  15  0:55  Drone  
  17  0:58  Drone  
  18  1:09  Extractor  
  17  1:13  Spawning Pool  
  17  1:16  Drone  
  17  1:19  Drone  
  18  1:27  Drone  
  19  1:39  Drone  
  20  1:49  Overlord  
  20  2:01  Queen x2  
  20  2:02  Zergling x4  
  26  2:08  Spore Crawler  
  26  2:10  Extractor  
  26  2:15  Metabolic Boost  
  24  2:20  Spore Crawler  
  23  2:27  Zergling x6  
  27  2:30  Zergling x2  
  26  2:45  Zergling x6  
  27  2:52  Zergling x2  
  27  2:58  Zergling x4  
  30  3:08  Zergling x2  
  30  3:09  Zergling x2  
  30  3:18  Drone  
  30  3:23  Drone  
  30  3:25  Drone  
  30  3:26  Drone  
  31  3:28  Drone  
  31  3:32  Zergling x4  
  32  3:38  Zergling x2  
  30  3:46  Zergling x2  
  30  3:51  Drone x2  
  32  3:59  Queen x2  
  36  4:03  Overlord  
  36  4:23  Hatchery  
  35  4:25  Overlord  
  35  4:26  Drone  
  35  4:27  Drone  
  35  4:29  Drone  
  38  4:31  Drone  
  38  4:34  Drone  
  38  4:38  Drone  
  41  4:44  Drone  
  42  4:51  Drone x5  
  42  5:09  Queen  
  42  5:13  Zergling x4  
  42  5:14  Zergling x2, Hatchery  
  45  5:17  Zergling x8  
  50  5:25  Zergling x6  
  48  5:30  Zergling x2  
  48  5:33  Zergling x2  
Tags
 
Add a new tag
Caveats
  • Supply blocks, unpowered buildings, or Contaminate may cause inaccurate times.
  • Supply counts are checked every 10 seconds.